 Dungeon Crawl Stone Soup version 0.28-b1-25-g9875b3fc8c (webtiles) character file.

Game seed: 4084772727674159040

19400 sanka the Thaumaturge (level 13, -4/97 HPs)
             Began as a Djinni Cinder Acolyte on Feb 5, 2022.
             Was an Initiate of Makhleb.
             Slain by a fire elemental (5 damage)
             ... created by the fiery vengeance of Ignis
             ... on level 5 of the Lair of Beasts.
             The game lasted 00:31:38 (21185 turns).

sanka the Thaumaturge (Djinni Cinder Acolyte)      Turns: 21185, Time: 00:31:39

Health: -4/97      AC: 21    Str:  8    XL:     13   Next: 4%
Gold:   809        EV: 12    Int: 24    God:    Makhleb [......] SH:  0 Dex: 11

rFire   . . .      SeeInvis .   i - +11 scimitar of Bacacvoy {flame, Will+ rCorr Str-5 Int+5}
rCold   x . .      Faith    .   (no shield)
rNeg    . . .      Spirit   .   a - +4 ring mail
rPois   ∞          Reflect  .   (no helmet)
rElec   .          Harm     .   H - +2 cloak {rCorr}
rCorr   +          Rampage  .   s - +0 pair of gloves
Will    ++...                   (boots unavailable)
Stlth   +.........              e - amulet of the acrobat
HPRegen 0.26/turn               t - +4 ring of protection
MPRegen 0.00/turn               P - +4 ring of protection

@: flying, fire susceptible
A: sickness immunity, fire resistance 2, cold vulnerability 1, float, innate
caster, HP casting, extra vitality 1
a: Renounce Religion


You were on level 5 of the Lair of Beasts.
You worshipped Makhleb.
Makhleb was noncommittal.
You visited 3 branches of the dungeon, and saw 16 of its levels.

You collected 969 gold pieces.
You spent 160 gold pieces at shops.

Inventory:

Hand Weapons
 g - a +0 trident
 i - the +11 scimitar of Bacacvoy (weapon) {flame, Will+ rCorr Str-5 Int+5}
   (You took it off a kobold brigand on level 11 of the Dungeon)

   It burns those it strikes, dealing additional fire damage.
   Big, fiery blades are also staple armaments of hydra-hunters.
   Str:       It affects your strength (-5).
   Int:       It affects your intelligence (+5).
   rCorr:     It protects you from acid and corrosion.
   Will:      It increases your willpower.
 G - a +3 quarterstaff of chaos
Missiles
 E - 2 throwing nets
Armour
 a - a +4 ring mail (worn)
 n - a +2 robe of willpower
 s - a +0 pair of gloves (worn)
 A - a scarf of resistance
 H - a +2 cloak of preservation (worn)
 J - +0 steam dragon scales
Jewellery
 e - an amulet of the acrobat (around neck)
 t - a +4 ring of protection (left hand)
 P - a +4 ring of protection (right hand)
Wands
 l - a wand of flame (17)
 u - a wand of polymorph (21)
 D - a wand of paralysis (5)
 I - a wand of digging (15)
 L - a wand of acid (20)
Scrolls
 b - 2 scrolls of immolation
 k - 4 scrolls of blinking
 m - 2 scrolls of torment
 o - 5 scrolls of teleportation
 p - 2 scrolls of vulnerability {unknown}
 q - 3 scrolls of fog
 y - a scroll of enchant armour
 B - a scroll of enchant weapon
 C - a scroll of brand weapon {unknown}
 M - 2 scrolls of silence
 N - a scroll of magic mapping
 O - a scroll of acquirement {unknown}
 Q - a scroll of fear {unknown}
Potions
 c - 5 potions of attraction
 d - 2 potions of haste {unknown}
 f - 2 potions of lignification {unknown}
 h - 3 potions of cancellation {unknown}
 j - 2 potions of heal wounds {unknown}
 r - a potion of degeneration {unknown}
 v - a potion of flight {unknown}
 w - 4 potions of ambrosia {unknown}
 x - 6 potions of curing
 z - a potion of invisibility {unknown}
 F - a potion of berserk rage {unknown}
 K - 2 potions of brilliance {unknown}


   Skills:
 + Level 10.6 Fighting
 + Level 10.5 Dodging
 - Level 3.0 Unarmed Combat
 + Level 12.1 Spellcasting


You had 14 spell levels left.
You knew the following spells:

 Your Spells              Type           Power      Damage    Failure   Level
a - Scorch                Fire           100%       2d10      1%          2
b - Pain                  Necr           100%       1d9       1%          1
c - Passwall              Tmut/Erth      54%        N/A       1%          2
d - Gell's Gravitas       Tloc           65%        N/A       1%          3
e - Fulminant Prism       Conj/Hex       32%        3d16      1%          4
f - Borgnjor's Vile Clut  Necr/Erth      32%        N/A       2%          5
g - Agony                 Necr           65%        N/A       2%          5
Your spell library was empty.

Dungeon Overview and Level Annotations

Branches:
Dungeon (11/15)            Temple (1/1) D:4            Lair (3/6) D:10
  Swamp (0/4) Lair:3          Orc (0/2) D:10
  Snake: Lair:2-4    Spider: Lair:2-4

Altars:
Ashenzari
Cheibriados
Dithmenos
Elyvilon
Fedhas
Gozag
Hepliaklqana
Kikubaaqudgha
Makhleb
Nemelex Xobeh
Okawaru
Qazlal
Ru
Sif Muna
Trog
Uskayaw
Vehumet
Wu Jian
Xom
Yredelemnul
Zin
The Shining One

Shops:
D:4 [


Innate Abilities, Weirdness & Mutations

You are immune to sickness and miasma.
You are immune to poison.
Your flesh is very heat resistant. (rF++)
You are vulnerable to cold. (rC-)
You float through the air rather than walking.
You learn spells naturally, not from books.
Your magical power is your life essence.
You have superior vitality. (+4 MHP)


Message History

The fire elemental is lightly damaged.
The fire elemental misses you. The fire elemental hits you.
The fire elemental burns you! The fire elemental hits you.
The fire elemental burns you!
* * * LOW HITPOINT WARNING * * *
The fire elemental hits you. The fire elemental burns you!
* * * LOW HITPOINT WARNING * * *
Your fulminant prism explodes!
The blast of energy engulfs the fire elemental!!
The fire elemental is severely damaged.
The blast of energy engulfs the fire elemental!!
You destroy the fire elemental!
That felt strangely unrewarding.
You hear a croak.
You hear a loud, deep croak! x2
Unknown command.
Unknown command.
Casting: Fulminant Prism (mildly dangerous; 1% risk of failure)
Confirm with . or Enter, or press ? or * to list all spells.
Aiming: Fulminant Prism (mildly dangerous; 1% risk of failure)
Press: ? - help, Dir - move target
Okay, then.
Casting: Fulminant Prism (mildly dangerous; 1% risk of failure)
Confirm with . or Enter, or press ? or * to list all spells.
Aiming: Borgnjor's Vile Clutch (dangerous; 2% risk of failure)
Press: ? - help, Shift-Dir - straight line, f - fire elemental
Aim: a fire elemental (severely damaged, durably summoned, 100% to hit)
The fire elemental is unaffected.
* * * LOW HITPOINT WARNING * * *
The fire elemental closely misses you.
Casting: Borgnjor's Vile Clutch (dangerous; 2% risk of failure)
Confirm with . or Enter, or press ? or * to list all spells.
Aiming: Fulminant Prism (mildly dangerous; 1% risk of failure)
Press: ? - help, Dir - move target, p - fire elemental You conjure a prism of explosive energy!
* * * LOW HITPOINT WARNING * * *
A fulminant prism comes into view.
The fire elemental hits you. The fire elemental burns you!
* * * LOW HITPOINT WARNING * * *
The fire elemental hits you. The fire elemental burns you!
You die...

#.. #.P ..##
##..# ##... #
#...## .#
##..####.##
#.*°E[....##.
#....@.......
##.......P..P
#P..........
###.PP##...#
##### ###


You could see a fire elemental (ally target) and a friendly fulminant prism.

Vanquished Creatures
  4 hydras
  A two-headed ogre (D:11)
  Pikel (D:7)
  A deep elf pyromancer (D:9)
  A gargoyle (D:11)
  2 black mambas
  4 cane toads
  Maggie (D:8)
  An unseen horror (D:11)
  4 komodo dragons
  A hornet (D:8)
  2 trolls (D:11)
  A polar bear (Lair:1)
  4 dream sheep (Lair:3)
  6 blink frogs
  Sigmund (D:3)
  2 wraiths
  Eustachio (D:5)
  A wyvern (D:7)
  A basilisk (Lair:2)
  15 yaks
  A fire elemental (Lair:5)
  Grum (D:9)
  2 acid dragons
  6 water moccasins
  6 orc warriors
  An ogre (D:5)
  12 wolves
  5 centaurs
  3 lemures
  5 kobold brigands
  A wyvern zombie (D:9)
  9 bullfrogs
  A scorpion (D:5)
  A wyvern skeleton (D:7)
  A water moccasin skeleton (D:6)
  5 wights (D:7)
  5 centaur zombies
  3 jellies
  Crazy Yiuf (D:7)
  A gnoll shaman (D:7)
  8 orc priests
  2 bullfrog skeletons
  A centaur skeleton (D:5)
  7 orc wizards
  An iguana (D:5)
  2 hell rats (Lair:2)
  3 howler monkey zombies
  Robin (D:3)
  10 gnolls
  10 adders
  10 river rats (Lair:2)
  A shadow imp (D:7)
  A white imp (D:6)
  An adder skeleton (D:3)
  3 adder zombies (D:3)
  2 worms
  3 dart slugs
  38 orcs
  7 ball pythons
  2 bats (D:1)
  11 endoplasms
  A giant cockroach (D:1)
  18 goblins
  8 hobgoblins
  6 jackals (D:1)
  29 kobolds
  4 quokkas
  A ball python zombie (D:3)
  4 frilled lizards
  A jackal skeleton (D:3)
  A jackal zombie (D:3)
  5 rats
  A fulminant prism (Lair:1)
328 creatures vanquished.

Vanquished Creatures (others)
  A bush (Lair:3)
  49 fulminant prisms
  17 fungi
  98 plants
  2 withered plants (D:3)
167 creatures vanquished.

Grand Total: 495 creatures vanquished

Notes
Turn   | Place    | Note
-------+----------+-------------------------------------------
     0 | D:1      | sanka the Djinni Cinder Acolyte began the quest for the
                  | Orb.
     0 | D:1      | Reached XP level 1. HP: 20/20 MP: 0/0
   104 | D:1      | Reached XP level 2. HP: 11/25 MP: 0/0
   105 | D:1      | Reached skill level 3 in Spellcasting
   397 | D:1      | Reached XP level 3. HP: 16/30 MP: 0/0
   397 | D:1      | Learned a level 1 spell: Pain
   985 | D:1      | Reached XP level 4. HP: 2/35 MP: 0/0
   985 | D:1      | HP: 1/35 [jackal (1)]
  2086 | D:2      | Reached skill level 4 in Spellcasting
  2239 | D:2      | Found a faded altar of an unknown god.
  2791 | D:2      | Reached XP level 5. HP: 34/40 MP: 0/0
  2791 | D:2      | Learned a level 2 spell: Passwall
  3493 | D:3      | Noticed Sigmund
  3500 | D:3      | Killed Sigmund
  3501 | D:3      | Reached skill level 5 in Spellcasting
  3501 | D:3      | Reached XP level 6. HP: 35/46 MP: 0/0
  3669 | D:3      | Noticed Robin
  3802 | D:3      | Killed Robin
  4278 | D:3      | Reached XP level 7. HP: 35/50 MP: 0/0
  4278 | D:3      | Learned a level 3 spell: Gell's Gravitas
  5358 | D:4      | Found a staircase to the Ecumenical Temple.
  5390 | D:4      | Reached skill level 6 in Spellcasting
  5436 | Temple   | Entered the Ecumenical Temple
  5875 | D:4      | Found Qosalesa's Antique Armour Shop.
  6050 | D:5      | Entered Level 5 of the Dungeon
  6222 | D:5      | Reached XP level 8. HP: 48/56 MP: 0/0
  6397 | D:5      | Found a snail-covered altar of Cheibriados.
  6423 | D:5      | Noticed Eustachio
  6428 | D:5      | Killed Eustachio
  6429 | D:5      | Reached skill level 7 in Spellcasting
  6695 | D:5      | Found a shadowy altar of Dithmenos.
  7872 | D:6      | Reached skill level 8 in Spellcasting
  8041 | D:5      | Reached skill level 1 in Dodging
  8327 | D:6      | Reached XP level 9. HP: 20/62 MP: 0/0
  8327 | D:6      | Learned a level 4 spell: Fulminant Prism
  8593 | D:4      | Bought an embroidered scarf for 160 gold pieces
  9313 | D:6      | You are sucked into a shaft and drop 2 floors!
  9690 | D:7      | Reached skill level 9 in Spellcasting
  9917 | D:7      | Noticed a komodo dragon
  9947 | D:7      | Killed a komodo dragon
  9948 | D:7      | Reached XP level 10. HP: 33/69 MP: 0/0
 10239 | D:7      | Reached skill level 10 in Spellcasting
 10379 | D:7      | Found a glowing golden altar of the Shining One.
 10436 | D:7      | Found a hazy altar of Hepliaklqana.
 10534 | D:7      | Found a runed translucent door.
 10535 | D:7      | Noticed Crazy Yiuf
 10587 | D:7      | Reached skill level 5 in Fighting
 10805 | D:7      | Killed Crazy Yiuf
 10944 | D:8      | Noticed Maggie
 10951 | D:8      | Killed Maggie
 10952 | D:8      | Reached skill level 5 in Dodging
 11035 | D:8      | Noticed Pikel
 11666 | D:7      | Killed Pikel
 13457 | D:9      | Reached XP level 11. HP: 47/79 MP: 0/0
 13457 | D:9      | Learned a level 5 spell: Borgnjor's Vile Clutch
 13458 | D:9      | Noticed Grum
 13461 | D:9      | Killed Grum
 13632 | D:9      | Noticed a deep elf pyromancer
 13636 | D:9      | Killed a deep elf pyromancer
 13744 | D:9      | Identified the +0 kite shield of the Equator {rElec Dex-5
                  | Slay+6}
 14023 | D:10     | Entered Level 10 of the Dungeon
 14036 | D:10     | Found a staircase to the Lair.
 14329 | D:10     | Identified the +2 ring mail "Unnauly" {Int+2}
 14439 | D:10     | Found a staircase to the Orcish Mines.
 14757 | D:10     | Found a white marble altar of Elyvilon.
 15563 | D:11     | Noticed a two-headed ogre
 15571 | D:11     | Killed a two-headed ogre
 15677 | D:11     | Identified the +11 scimitar of Bacacvoy {flame, Will+ rCorr
                  | Str-5 Int+5}
 15874 | D:11     | Noticed a seven-headed hydra
 15880 | D:11     | Killed a seven-headed hydra
 16224 | Lair:1   | Entered Level 1 of the Lair of Beasts
 16224 | Lair:1   | Noticed an eight-headed hydra
 16230 | Lair:1   | Killed an eight-headed hydra
 16451 | Lair:1   | You are sucked into a shaft and drop 1 floor!
 16486 | Lair:2   | Noticed a six-headed hydra
 16494 | Lair:2   | Killed a six-headed hydra
 16495 | Lair:2   | Reached XP level 12. HP: 72/90 MP: 0/0
 16508 | Lair:2   | Noticed a seven-headed hydra
 16514 | Lair:2   | Killed a seven-headed hydra
 16536 | Lair:2   | Reached skill level 10 in Dodging
 16958 | Lair:1   | Reached skill level 10 in Fighting
 16964 | Lair:1   | Reached skill level 11 in Spellcasting
 19435 | Lair:3   | Noticed an eight-headed hydra
 19437 | Lair:3   | Reached skill level 12 in Spellcasting
 19653 | Lair:3   | Found a staircase to the Swamp.
 20545 | Temple   | Fell from the grace of Ignis
 20545 | Temple   | Became a worshipper of Makhleb the Destroyer
 21029 | Lair:3   | Reached XP level 13. HP: 91/97 MP: 0/0
 21029 | Lair:3   | Learned a level 5 spell: Agony
 21159 | Lair:3   | You are sucked into a shaft and drop 2 floors!
 21185 | Lair:5   | HP: 1/97 [fire elemental[the fiery vengeance of Ignis] (6)]
 21185 | Lair:5   | Slain by a fire elemental

Illustrated notes

Levels and vault maps discovered:
D:1:      dpeg_arrival_tiny_d, layout_rooms, skrybe_limestone_x,
          minmay_misc_feat_five, nicolae_grassy_gnolls
D:2:      layout_basic, chequers_ecumenical_altar_grove
D:3:      layout_basic, serial_undead, serial_undead_e, serial_undead_d,
          serial_undead_a, serial_undead_b, kennysheep_decorative_pillar,
          minivault_11, uniq_robin, uniq_sigmund
D:4:      cheibrodos_pilgrimage, layout_basic, minmay_temple_entry_overgrown,
          serial_shops, shop, minmay_fountain_box, grunt_decor_fettered,
          minmay_ruptured
D:5:      nicolae_cairo_tiling_large_dashed, layout_cave_pods,
          nicolae_overflow_hidden_temple, nicolae_dithmenos_shadow_blocks,
          uniq_eustachio
D:6:      layout_basic, lemuel_crystal_altar, nicolae_benzene_ring
D:7:      wander_river, layout_rooms, amethyst_overflow_temple_binary,
          uniq_crazy_yiuf_cottage
D:8:      layout_gridville, uniq_pikel, uniq_maggie
D:9:      layout_roguey, minmay_misc_feat_encased, guppyfry_early_elven_hall,
          uniq_grum
D:10:     layout_cave_pools, elyvilon_altar_3, david_lair_shrubbed, orc_0_dummy
D:11:     layout_loops_ring
Temple:   regret_index_temple_sphere_string
Lair:1:   layout_cave_pods, lemuel_fruit_fields
Lair:2:   layout_layer_cave, kennysheep_rathole
Lair:3:   layout_chaotic_city, swamp_mist_pool, serial_forest,
          infiniplex_forest_straight_3, infiniplex_forest_straight_3,
          infiniplex_forest_corner_2, infiniplex_forest_join,
          infiniplex_forest_lined_3, infiniplex_forest_lined_1,
          infiniplex_forest_clump_curved
Lair:5:   layout_loops_ring, slime_altar_1, lemuel_fruit_fields,
          grunt_megastairs_3, lemuel_fruit_fields

Skill      XL: |  1  2  3  4  5  6  7  8  9 10 11 12 |
---------------+-------------------------------------+-----
Spellcasting   | 3 4 5 6 8 9 10 12 | 12.1
Dodging        | 2 3 7 9 10 | 10.5
Fighting       | 4 7 9 10 | 10.6
Unarmed Combat | |  3.0

Action                   |  1- 3 |  4- 6 |  7- 9 | 10-12 | 13-15 || total
-------------------------+-------+-------+-------+-------+-------++-------
Melee: Unarmed           |    51 |     3 |       |     2 |       ||    56
       Trident           |       |    72 |     1 |       |       ||    73
       Punch             |       |     2 |       |     1 |     2 ||     5
       Great sword       |       |       |     6 |       |       ||     6
       Scimitar          |       |       |       |    65 |    11 ||    76
 Cast: Scorch            |    21 |    69 |   186 |   140 |       ||   416
       Fulminant Prism   |       |       |       |    49 |     2 ||    51
       Borgnjor's Vile C |       |       |       |    54 |     2 ||    56
       Gell's Gravitas   |       |       |       |     4 |       ||     4
Evoke: Wand              |       |       |     2 |       |       ||     2
  Use: Potion            |       |     2 |       |       |       ||     2
       Scroll            |       |       |       |    12 |       ||    12
Armor: Robe              |    14 |     2 |       |       |       ||    16
       Ring mail         |       |    43 |    53 |   115 |    15 ||   226
Dodge: Dodged            |    39 |    60 |    54 |   139 |    15 ||   307
